 Dungeon Crawl Stone Soup version 0.29.1-12-g30fa7ad0bf (webtiles) character file.

Game seed: 10017284254702970404

181042 warriortoast the Marksspriggan (level 17, -18/96 HPs)
             Began as a Spriggan Hunter on Dec 14, 2022.
             Was the Champion of Qazlal.
             Demolished by an alligator snapping turtle (114 damage)
             ... on level 1 of the Shoals on Jan 3, 2023.
             The game lasted 01:46:33 (47313 turns).

warriortoast the Marksspriggan (Spriggan Hunter)   Turns: 47313, Time: 01:46:44

Health: -18/96     AC:  8    Str:  7    XL:     17   Next: 32%
Magic:  25/29      EV:  4    Int: 12    God:    Qazlal [******]
Gold:   2697       SH:  0    Dex: 25    Spells: 16/16 levels left

rFire   . . .      SeeInvis +   D - +4 arbalest
rCold   . . .      Faith    .   (shield currently unavailable)
rNeg    . . .      Spirit   .   i - +0 steam dragon scales
rPois   +          Reflect  .   n - +2 hat
rElec   .          Harm     .   x - +0 cloak
rCorr   .          Rampage  .   (gloves unavailable)
Will    ++...                   (boots unavailable)
Stlth   +.........              a - amulet of regeneration
HPRegen 1.06/turn               h - ring of poison resistance
MPRegen 0.21/turn               L - +4 ring of evasion

@: sleeping, repel missiles, very quick
A: very small, no large weapons, unfitting armour, see invisible, speed 3
}: 1/15 runes: serpentine
a: Renounce Religion, Upheaval, Elemental Force, Disaster Area


You were on level 1 of the Shoals.
You worshipped Qazlal.
Qazlal was exalted by your worship.
You visited 6 branches of the dungeon, and saw 28 of its levels.

You collected 2753 gold pieces.
You spent 56 gold pieces at shops.

Inventory:

Hand Weapons
 D - a +4 arbalest (weapon)
Armour
 i - +0 steam dragon scales (worn)
 n - a +2 hat (worn)
 o - a +2 buckler of reflection
 x - a +0 cloak (worn)
Jewellery
 a - an amulet of regeneration (around neck)
 d - an amulet of guardian spirit
 h - a ring of poison resistance (left hand)
 y - a ring of protection from cold
 L - a +4 ring of evasion (right hand)
 R - an amulet of reflection
Wands
 p - a wand of roots (21)
 r - a wand of paralysis (23)
 G - a wand of light (11)
 H - a wand of flame (11)
 I - a wand of mindburst (18)
 P - a wand of polymorph (7)
Scrolls
 b - a scroll of vulnerability
 c - a scroll of teleportation
 e - a scroll of magic mapping
 s - a scroll of blinking
 v - 7 scrolls of identify
 B - 9 scrolls of poison
 F - 2 scrolls of silence
 K - 4 scrolls of butterflies
 M - 3 scrolls of enchant armour
 T - 2 scrolls of amnesia
Potions
 f - 2 potions of invisibility
 j - 15 potions of curing
 k - 3 potions of cancellation
 l - 6 potions of attraction
 m - 2 potions of heal wounds
 q - a potion of berserk rage
 t - a potion of magic
 u - 4 potions of haste
 z - 2 potions of brilliance
 A - 5 potions of flight
 J - 3 potions of lignification
 O - 2 potions of might
 Q - a potion of resistance


   Skills:
 + Level 13.7 Fighting
 - Level 18.0 Ranged Weapons
 + Level 18.0 Dodging
 - Level 5.0 Stealth
 + Level 14.9 Invocations
 + Level 10.0 Evocations


You had 16 spell levels left.
You didn't know any spells.
Your spell library contained the following spells:

 Spells                   Type           Power      Damage    Failure   Level
 Apportation              Tloc           0%         N/A       32%         1
 Slow                     Hex            0%         N/A       32%         1
 Ensorcelled Hibernation  Hex/Ice        0%         N/A       45%         2
 Passwall                 Tmut/Erth      0%         N/A       45%         2
 Sublimation of Blood     Necr           0%         N/A       45%         2
 Wereblood                Tmut           0%         N/A       45%         2
 Call Canine Familiar     Summ           0%         N/A       69%         3
 Confusing Touch          Hex            0%         N/A       69%         3
 Conjure Flame            Conj/Fire      0%         6-21      69%         3
 Gell's Gravitas          Tloc           0%         N/A       69%         3
 Ignite Poison            Fire/Tmut/Pois 0%         N/A       69%         3
 Lesser Beckoning         Tloc           0%         N/A       69%         3
 Portal Projectile        Hex/Tloc       0%         N/A       69%         3
 Swiftness                Air            0%         N/A       69%         3
 Teleport Other           Tloc           0%         N/A       69%         3
 Tukima's Dance           Hex            0%         N/A       69%         3
 Vampiric Draining        Necr           0%         2d6       69%         3
 Airstrike                Air            0%         2d(0-16)  97%         4
 Cause Fear               Hex            0%         N/A       97%         4
 Leda's Liquefaction      Hex/Erth       0%         N/A       97%         4
 Sticky Flame             Conj/Fire      0%         2d3       97%         4
 Summon Ice Beast         Ice/Summ       0%         N/A       97%         4
 Summon Lightning Spire   Summ/Air       0%         N/A       97%         4
 Alistair's Intoxication  Tmut/Pois      0%         N/A       100%        5
 Blade Hands              Tmut           0%         N/A       100%        5
 Freezing Cloud           Conj/Ice/Air   0%         6-21      100%        5
 Iskenderun's Battlesphe  Conj           0%         2d6       100%        5
 Lee's Rapid Deconstruct  Erth           0%         3d5*      100%        5
 Lightning Bolt           Conj/Air       0%         1d11      100%        5
 Summon Mana Viper        Hex/Summ       0%         N/A       100%        5
 Yara's Violent Unravell  Hex/Tmut       0%         3d3       100%        5
 Dispersal                Tloc           0%         N/A       100%        6
 Iron Shot                Conj/Erth      0%         9d1       100%        6
 Simulacrum               Ice/Necr       0%         N/A       100%        6
 Statue Form              Tmut/Erth      0%         N/A       100%        6
 Dragon Form              Tmut           0%         N/A       100%        7
 Enfeeble                 Hex            0%         N/A       100%        7
 Monstrous Menagerie      Summ           0%         N/A       100%        7
 Spellforged Servitor     Conj/Summ      0%         N/A       100%        7
 Storm Form               Tmut/Air       0%         N/A       100%        7
 Summon Hydra             Summ           0%         N/A       100%        7
 Disjunction              Tloc           0%         N/A       100%        8
 Maxwell's Capacitive Co  Air            0%         ∞         100%        8
 Dragon's Call            Summ           0%         N/A       100%        9
 Polar Vortex             Ice            0%         N/A       100%        9


Dungeon Overview and Level Annotations

Branches:
Dungeon (15/15)            Temple (1/1) D:7            Lair (5/5) D:8
 Shoals (1/4) Lair:2        Snake (4/4) Lair:3        Slime (0/5) Lair:4
    Orc (2/2) D:10            Elf (0/3) Orc:2        Vaults (0/5) D:13
 Depths (0/4) D:15

Altars:
Ashenzari
Cheibriados
Dithmenos
Elyvilon
Fedhas
Gozag
Hepliaklqana
Kikubaaqudgha
Makhleb
Nemelex Xobeh
Okawaru
Qazlal
Ru
Sif Muna
Trog
Uskayaw
Vehumet
Wu Jian
Xom
Yredelemnul
Zin
The Shining One

Shops:
D:7 *   D:11 =   Orc:2 =*=([

Portals:
Trove: D:12 (show abyssal rune of Zot)

Annotations:
Lair:3 exclusion: oklob plant


Innate Abilities, Weirdness & Mutations

You are very small and have problems with some larger weapons.
You are too small for most types of armour.
You have supernaturally acute eyesight. (SInv)
You cover ground extremely quickly. (Speed+++)


Message History

The snapping turtle is paralysed.
The stunning burst hits the dream sheep!
The dream sheep is paralysed.
The stunning burst hits the merfolk!
The merfolk is paralysed.
Your air elemental hits the dream sheep.
The dream sheep dies!
Qazlal accepts your kill.
The dream sheep splashes around in the water.
Your water elemental hits the dream sheep!!
Your air elemental fires a burst of electricity at the merfolk.
The stunning burst hits the snapping turtle!
The stunning burst hits your air elemental.
Your air elemental completely resists.
The stunning burst hits the merfolk!!
A nearby plant withers and dies. x4
The snapping turtle is no longer paralysed.
The merfolk is no longer paralysed.
Your air elemental hits the snapping turtle but does no damage.
Your air elemental barely misses the merfolk.
Your air elemental hits the alligator snapping turtle!
Your air elemental fires a burst of electricity at the merfolk.
The stunning burst hits the snapping turtle but does no damage.
The snapping turtle is paralysed.
The stunning burst hits your air elemental.
Your air elemental completely resists.
The stunning burst hits the merfolk.
The merfolk is paralysed.
Your air elemental fires a burst of electricity at the merfolk.
The stunning burst hits the merfolk!
The dream sheep splashes around in the water.
Your water elemental hits the dream sheep!
The dream sheep dies!
Qazlal accepts your kill.
A sea snake comes into view.
Your water elemental hits the merfolk!!
The merfolk dies!
Qazlal accepts your kill.
You hear a splash.
The alligator snapping turtle bites you from afar!!!!
Ouch! That really hurt!
You die...

≈≈≈≈≈≈≈PP~.....~PP..~.
≈≈≈≈≈~~~~~SPP~<~~~...~
≈≈≈≈~~~P~E)..Y~~~~Y~~P
≈≈≈~~~~~~EE###~~~~PPP~
≈≈≈~P~~~PPt.##~P~P~~PP
≈≈≈≈~~PP~°EE..~PPP≈PPP
≈≈≈~~~~~~~.EtPP~P≈≈≈≈≈
≈≈≈~~~PP~P°.○☼~~P≈≈≈≈≈
≈≈≈≈~~~~PP~P@°~~~≈≈≈≈≈
≈≈≈≈≈P~≈P~~P☼~~≈≈≈≈≈
≈≈≈≈≈≈≈≈≈~○P~§P≈≈≈≈≈
≈≈≈≈≈≈≈≈≈≈≈~~≈≈≈≈≈≈≈
≈≈≈≈≈≈≈≈≈≈≈≈≈≈≈≈≈≈≈
≈≈≈≈≈≈≈≈≈≈≈≈≈≈≈≈≈
≈≈≈≈≈≈≈≈≈≈≈≈≈≈≈≈
≈≈≈≈≈≈≈≈≈≈≈≈≈≈≈


You could see an alligator snapping turtle (ally target), a sea snake, a
snapping turtle (paralysed), a dream sheep, a friendly earth elemental
(summoned), 2 friendly water elementals and 3 friendly air elementals.

Vanquished Creatures
  10 nagarajas
  A frost giant (D:15)
  An orc warlord (Orc:1)
  Nessos (D:12)
  The ghost of Timisetechie the Severer, a journeyman HOFi of Beogh (Lair:2)
  A fire dragon (Lair:5)
  Josephine (D:11)
  4 hydras
  5 boulder beetles
  6 centaur warriors
  A rakshasa (D:15)
  An ogre mage (Orc:1)
  10 anacondas
  2 dancing weapons (D:13)
  3 two-headed ogres
  A death yak (Lair:5)
  The ghost of dylex the Thaumaturge, a novice MeCA of Ignis (D:9)
  Urug (Lair:3)
  4 tengu warriors
  9 naga warriors
  17 naga sharpshooters
  An orc high priest (Orc:2)
  4 shock serpents
  Amaemon (D:10)
  A sixfirhy (D:13)
  4 salamander mystics
  6 sea snakes
  9 naga ritualists
  5 orc knights
  A swamp dragon (Lair:5)
  A lindwurm (Lair:5)
  A deep elf zephyrmancer (D:13)
  A deep elf pyromancer (D:15)
  4 orc sorcerers (Orc:2)
  17 mana vipers
  6 ugly things
  3 oklob plants
  A wolf spider (Lair:5)
  16 salamanders
  Maurice (D:11)
  5 cyclopes
  6 manticores
  An orange demon (D:10)
  Joseph (D:10)
  7 elephants
  56 black mambas
  7 guardian serpents
  10 cane toads
  A torpor snail (Lair:1)
  A gargoyle (D:11)
  13 naga magi
  3 unseen horrors
  4 rime drakes
  5 komodo dragons
  4 kobold demonologists
  3 polar bears
  A merfolk (Lair:2)
  6 trolls
  14 blink frogs
  8 slime creatures (D:14)
  4 raiju
  2 dream sheep (Lair:1)
  Sigmund (D:4)
  A centaur simulacrum (D:14)
  2 shadows
  62 yaks
  3 wyverns
  A water elemental (Shoals:1)
  6 wraiths
  Grum (D:10)
  7 steam dragons
  3 basilisks
  7 vampire mosquitoes
  3 wargs
  48 nagas
  5 acid dragons
  24 water moccasins
  A sky beast (D:8)
  An ice beast (D:6)
  21 orc warriors
  An ogre (shapeshifter) (D:14)
  A swamp drake (Lair:5)
  3 boggarts (D:15)
  20 wolves
  13 ogres
  A phantom (D:6)
  4 centaurs
  13 bullfrogs
  12 kobold brigands
  3 gnoll sergeants
  11 wights
  5 killer bees (D:11)
  5 electric eels
  5 howler monkeys
  2 gnoll boudas
  A hound (D:6)
  24 orc priests
  8 iguanas
  Ijyb (D:3)
  27 orc wizards
  20 gnolls
  7 adders
  A shadow imp (D:8)
  A white imp (D:5)
  2 ufetubi
  4 worms
  59 orcs
  6 ball pythons
  7 endoplasms
  3 giant cockroaches
  8 goblins
  9 hobgoblins
  6 jackals
  2 quokkas
  5 bats
  3 frilled lizards
  23 kobolds
  4 rats
853 creatures vanquished.

Vanquished Creatures (collateral kills)
  A salamander tyrant (Snake:3)
  A boulder beetle (D:12)
  An anaconda (Snake:2)
  A cyclops (Shoals:1)
  A merfolk (Shoals:1)
  2 dream sheep (Shoals:1)
7 creatures vanquished.

Vanquished Creatures (others)
  A black mamba (Snake:3)
  20 fungi
  61 plants
82 creatures vanquished.

Grand Total: 942 creatures vanquished

Notes
Turn   | Place    | Note
-------+----------+-------------------------------------------
     0 | D:1      | warriortoast the Spriggan Hunter began the quest for the
                  | Orb.
     0 | D:1      | Reached XP level 1. HP: 10/10 MP: 2/2
    74 | D:1      | Reached XP level 2. HP: 15/15 MP: 3/3
   518 | D:1      | Found a faded altar of an unknown god.
   768 | D:2      | Reached XP level 3. HP: 18/18 MP: 4/4
  1326 | D:3      | Reached XP level 4. HP: 23/23 MP: 5/5
  2037 | D:3      | Noticed Ijyb
  2387 | D:3      | Killed Ijyb
  3056 | D:4      | Found a shadowy altar of Dithmenos.
  3126 | D:4      | Reached XP level 5. HP: 13/27 MP: 6/6
  3377 | D:4      | Noticed Sigmund
  4763 | D:5      | Entered Level 5 of the Dungeon
  4838 | D:4      | Killed Sigmund
  4839 | D:4      | Reached skill level 5 in Ranged Weapons
  4839 | D:4      | Reached skill level 5 in Dodging
  4839 | D:4      | Reached skill level 5 in Stealth
  4839 | D:4      | Reached XP level 6. HP: 32/32 MP: 7/7
  5105 | D:5      | Noticed a water moccasin
  5188 | D:5      | Reached XP level 7. HP: 23/36 MP: 8/8
  7698 | D:6      | Reached XP level 8. HP: 42/42 MP: 9/9
  8721 | D:6      | Reached skill level 5 in Fighting
  8748 | D:6      | Found a glowing silver altar of Zin.
 10161 | D:7      | Found Nimmuyze's Assorted Antiques.
 10169 | D:7      | Bought a scroll labelled MIWERE SEZO for 28 gold pieces
 10169 | D:7      | Bought a scroll labelled IXTAFE ROQIU for 28 gold pieces
 10820 | D:7      | Reached XP level 9. HP: 47/47 MP: 10/10
 10943 | D:7      | Found a staircase to the Ecumenical Temple.
 11030 | Temple   | Entered the Ecumenical Temple
 11068 | Temple   | Became a worshipper of Qazlal Stormbringer
 11461 | D:8      | Found a staircase to the Lair.
 11539 | D:8      | Reached skill level 10 in Dodging
 11939 | D:8      | Found a sacrificial altar of Ru.
 11985 | D:8      | Noticed a two-headed ogre
 12023 | D:8      | Killed a two-headed ogre
 12024 | D:8      | Reached skill level 10 in Ranged Weapons
 12331 | D:8      | Reached * piety under Qazlal
 12862 | D:8      | Noticed a troll
 13078 | D:8      | Killed a troll
 13079 | D:8      | Reached XP level 10. HP: 51/51 MP: 11/11
 14036 | D:9      | Reached ** piety under Qazlal
 14041 | D:9      | Found a runed translucent gate.
 14041 | D:9      | Found a runed translucent gate.
 14041 | D:9      | Found a runed translucent gate.
 14043 | D:9      | Noticed dylex's ghost (novice MeCA)
 14060 | D:9      | Noticed a rust devil
 14094 | D:9      | Noticed a smoke demon
 14274 | D:9      | Noticed a sixfirhy
 14491 | D:9      | Killed dylex's ghost
 15023 | D:9      | Reached XP level 11. HP: 55/55 MP: 12/12
 15124 | D:10     | Entered Level 10 of the Dungeon
 15158 | D:10     | Noticed Grum
 15503 | D:10     | Killed Grum
 15609 | D:10     | Noticed Amaemon
 15641 | D:10     | Killed Amaemon
 15684 | D:10     | Reached skill level 15 in Ranged Weapons
 15711 | D:10     | Noticed Joseph
 15727 | D:10     | Killed Joseph
 16162 | D:10     | Reached *** piety under Qazlal
 16757 | D:10     | Found a staircase to the Orcish Mines.
 17073 | D:11     | Noticed a two-headed ogre
 17077 | D:11     | Killed a two-headed ogre
 17077 | D:11     | Reached **** piety under Qazlal
 17172 | D:11     | Noticed Josephine
 17392 | D:11     | Reached skill level 1 in Invocations
 17573 | D:11     | Noticed Maurice
 17587 | D:11     | Killed Maurice
 17588 | D:11     | Reached XP level 12. HP: 50/61 MP: 14/14
 17674 | D:11     | Noticed a two-headed ogre
 17674 | D:11     | Noticed a boulder beetle
 17675 | D:11     | Noticed a death knight
 18068 | D:11     | Killed Josephine
 18241 | D:11     | Found Goelifarch's Jewellery Shop.
 18901 | D:12     | Noticed a boulder beetle
 18942 | D:12     | Killed a boulder beetle
 19188 | D:12     | Noticed Nessos
 19204 | D:12     | Killed Nessos
 19426 | D:12     | Found the +8 orange crystal plate armour {Archmagi, Int+3
                  | Clar}
 19584 | D:12     | Noticed a catoblepas
 19868 | D:12     | Found a portal to a secret trove of treasure.
 20723 | Lair:1   | Entered Level 1 of the Lair of Beasts
 21070 | Lair:1   | Reached skill level 5 in Invocations
 22145 | Lair:1   | Reached XP level 13. HP: 52/67 MP: 18/18
 22625 | Lair:2   | Found a runed translucent door.
 23239 | Lair:2   | Found a staircase to the Shoals.
 23423 | Lair:2   | Noticed Timisetechie's ghost (journeyman HOFi)
 23690 | Lair:2   | Killed Timisetechie's ghost
 23802 | Lair:3   | Found a shimmering altar of Xom.
 24132 | Lair:3   | Noticed Urug
 24156 | Lair:3   | Killed Urug
 24886 | Lair:3   | Found a staircase to the Snake Pit.
 25068 | Lair:3   | Found an ancient bone altar of Kikubaaqudgha.
 25379 | Lair:3   | Identified the +0 quarterstaff of Vaol Hial {protect, rElec
                  | Str+2}
 26163 | Snake:1  | Entered Level 1 of the Snake Pit
 27173 | Lair:4   | Found a staircase to the Slime Pits.
 27524 | Lair:5   | Entered Level 5 of the Lair of Beasts
 27725 | Lair:4   | Reached XP level 14. HP: 74/74 MP: 20/20
 28770 | Lair:5   | Reached skill level 15 in Dodging
 28797 | Lair:4   | Reached ***** piety under Qazlal
 29061 | Lair:5   | Identified the +7 dagger "Zery" {drain, rC+ rCorr Int+7}
 29991 | Lair:5   | Identified the +6 flail of Purpose {freeze, rC+ Str+3
                  | Stlth+}
 30305 | Orc:1    | Entered Level 1 of the Orcish Mines
 31083 | Orc:2    | Entered Level 2 of the Orcish Mines
 31386 | Orc:2    | Found Boasont's Jewellery Emporium.
 31388 | Orc:2    | Found a shimmering altar of Xom.
 31930 | Orc:2    | Noticed an orc warlord
 32173 | Orc:1    | Killed an orc warlord
 32174 | Orc:1    | Reached skill level 10 in Fighting
 32847 | Orc:2    | Found Qaasenoi's Antique Armour Shoppe.
 32861 | Orc:2    | Found a staircase to the Elven Halls.
 32975 | Orc:2    | Found Badewet's General Store.
 32990 | Orc:2    | Found Hoarigif's Antique Weapon Shoppe.
 33005 | Orc:2    | Found Rorph's Jewellery Shoppe.
 33184 | Orc:1    | Reached skill level 10 in Invocations
 34666 | D:13     | Reached ****** piety under Qazlal
 34737 | D:13     | Reached XP level 15. HP: 80/80 MP: 23/23
 34759 | D:13     | Found a gate to the Vaults.
 35314 | D:14     | Reached skill level 1 in Evocations
 35665 | D:14     | Found a broken altar of Ashenzari.
 35982 | D:15     | Entered Level 15 of the Dungeon
 36221 | D:15     | Found a sacrificial altar of Ru.
 36359 | D:15     | Noticed a frost giant
 36675 | D:15     | Killed a frost giant
 36812 | D:15     | Found a staircase to the Depths.
 37301 | Snake:1  | Reached skill level 5 in Evocations
 38628 | Snake:2  | Noticed a nagaraja
 39616 | Snake:2  | Killed a nagaraja
 39728 | Snake:2  | Reached XP level 16. HP: 80/88 MP: 25/25
 40162 | Snake:2  | You fall into a shaft and drop 1 floor!
 42246 | Snake:4  | Entered Level 4 of the Snake Pit
 42253 | Snake:4  | Reached skill level 10 in Evocations
 45033 | Snake:4  | Reached XP level 17. HP: 95/95 MP: 28/28
 46769 | Snake:4  | Got a serpentine rune of Zot
 47079 | Shoals:1 | Entered Level 1 of the Shoals
 47313 | Shoals:1 | Demolished by an alligator snapping turtle

Illustrated notes

Levels and vault maps discovered:
D:1:      lightli_arrival_statue_moat, layout_basic,
          dilly_ecumenical_altar_fadedgnrine
D:2:      layout_loops_ring
D:3:      layout_loops_ring, uniq_ijyb
D:4:      layout_basic, mainiacjoe_overflow_tiny_flanked, serial_corexii_hall,
          corexii_hall_statues_l, corexii_hall_statues_x,
          chequers_hall_statues_corner_a, chequers_hall_statues_corner_a,
          uniq_sigmund
D:5:      layout_rooms, hangedman_glass_teeth
D:6:      layout_loops_cross, zin_academy
D:7:      layout_cave_pods, minmay_temple_entry_butterflies, serial_shops,
          nicolae_shop_trees
D:8:      layout_loops_corners, marbit_many_paths, lair_entry_dummy
D:9:      layout_roguey, gammafunk_ghost_nasty_kobolds
D:10:     layout_loops_ring, erik_orc_2, uniq_amaemon, uniq_grum, uniq_joseph
D:11:     cheibrodos_steamvent, layout_small_grid, serial_shops,
          nicolae_shop_stone, uniq_maurice, uniq_josephine
D:12:     nicolae_cairo_tiling_large, layout_basic, enter_trove_2,
          dk_noncrumbling_2, uniq_nessos
D:13:     minmay_shoctagon, layout_long_grid, erik_vaults_1
D:14:     layout_irregular_city, nicolae_ashenzari_panopticon
D:15:     grunt_enter_depths_snipers, layout_cave_pools,
          nicolae_ru_the_path_less_chosen
Temple:   hellmonk_temple_of_storms
Lair:1:   layout_cave_pods, st_stairs_6
Lair:2:   layout_small_grid, elwin_shoals_entry_rooms,
          ebering_ghost_reflecting_pool, dpeg_stationary_puzzle
Lair:3:   layout_hall_layers, minmay_snake_entry_six_corridors, basic_altar,
          st_stairs_10, lemuel_oklob_altar, uniq_urug
Lair:4:   layout_cave_pods, minmay_slime_entry_oklob_open,
          infiniplex_staircase_pool_2, lemuel_fruit_tree, grunt_megastairs_3
Lair:5:   guppyfry_lair_end_dragon, layout_concentric_octagons, minivault_19,
          minmay_shattered_shrine, grunt_megastairs_1
Shoals:1: layout_shoals, nicolae_shoals_circle_sea_wall
Snake:1:  layout_honeycomb, serial_bayou_shore_a
Snake:2:  layout_rooms, grunt_megastairs_4
Snake:3:  layout_onion_interference
Snake:4:  grunt_snake_rune_pools, layout_concentric_octagons, grunt_megastairs_2
Orc:1:    layout_diamond_mine, mines4_lemuel
Orc:2:    grunt_orc_cross, layout_caves, basic_altar, serial_shops, shop

Skill      XL: |  1  2  3  4  5  6  7  8  9 10 11 12 13 14 15 16 |
---------------+-------------------------------------------------+-----
Stealth        | 2 3 4 5 |  5.0
Dodging        | 3 4 5 7 9 10 11 12 14 17 18 | 18.0
Fighting       | 2 3 4 5 6 7 8 10 11 13 | 13.7
Ranged Weapons | 5 6 8 11 14 16 17 18 | 18.0
Invocations    | 2 5 7 10 11 14 | 14.9
Evocations     | 8 10 | 10.0

Action                   |  1- 3 |  4- 6 |  7- 9 | 10-12 | 13-15 | 16-18 || total
-------------------------+-------+-------+-------+-------+-------+-------++-------
 Fire: Shortbow          |    85 |   181 |   465 |       |       |       ||   731
       Arbalest          |       |       |    40 |   734 |  1657 |   828 ||  3259
Invok: Elemental Force   |       |       |       |     1 |     1 |     3 ||     5
       Upheaval          |       |       |       |     1 |     1 |       ||     2
Evoke: Wand              |       |       |       |       |     3 |       ||     3
  Use: Potion            |       |       |     1 |       |       |       ||     1
       Scroll            |       |       |    20 |     5 |     4 |     9 ||    38
Armor: Robe              |     2 |     3 |    19 |       |       |       ||    24
       Steam dragon scal |       |       |    14 |    38 |    33 |    24 ||   109
Dodge: Dodged            |    11 |    53 |   276 |   309 |   743 |   830 ||  2222
       Repelled          |       |       |       |     1 |    13 |    17 ||    31
Block: Other             |       |       |       |    48 |   220 |   259 ||   527
